Map: Submarine LE

Players

HeroMarine - Winner!

  • Race: Terran Terran
  • League: Master
  • Spawn Location: 5:00

soul

  • Race: Terran Terran
  • League: Grandmaster
  • Spawn Location: 11:00

Event: War Chest Team League

VOD

Have the link to the VOD?

Description

Time

  • Played on: July 24, 2020, 11:17 a.m.
  • Length: 10:30
Show
View Real Time Build Order
Export as new Build Order

HeroMarine Terran - Winner!

Build Orders:  

Get SALT Encoding   

  12  0:00  SCV  
  13  0:12  SCV  
  14  0:17  Supply Depot  
  14  0:24  SCV  
  14  0:28  Refinery  
  15  0:38  SCV  
  16  0:44  Barracks  
  16  0:50  SCV  
  16  0:56  Refinery  
  17  1:02  SCV  
  18  1:15  SCV  
  19  1:31  Orbital Command, Reaper  
  20  1:36  Factory  
  20  1:44  Supply Depot  
  20  1:56  SCV  
  21  2:03  Reaper  
  22  2:08  SCV  
  23  2:20  Hellion, SCV  
  26  2:28  Command Center  
  26  2:32  SCV  
  26  2:35  Barracks Reactor  
  27  2:38  Supply Depot  
  27  2:43  Factory Tech Lab  
  27  2:45  SCV  
  28  2:51  Starport  
  28  2:57  SCV  
  29  3:07  Cyclone  
  29  3:09  SCV  
  33  3:15  Marine x2  
  33  3:18  Refinery  
  35  3:21  SCV  
  36  3:33  Marine x2, SCV  
  39  3:41  Orbital Command  
  39  3:44  Raven  
  39  3:45  Factory Tech Lab, SCV  
  42  3:52  Marine x2  
  44  3:57  SCV  
  45  4:03  Supply Depot  
  45  4:06  Siege Tank  
  45  4:07  SCV  
  49  4:10  SCV  
  49  4:13  Marine  
  49  4:14  Marine  
  52  4:19  SCV  
  52  4:22  SCV  
  54  4:30  Raven  
  54  4:31  SCV  
  57  4:34  SCV  
  58  4:39  Supply Depot  
  58  4:41  Command Center  
  58  4:47  Siege Tank  
  58  4:49  SCV  
  62  4:55  Supply Depot  
  62  5:01  SCV x2  
  62  5:04  Marine x2  
  66  5:10  Refinery  
  66  5:13  Raven, SCV x2  
  70  5:19  Siege Tank  
  73  5:25  SCV  
  73  5:26  SCV  
  73  5:27  Marine  
  73  5:28  Marine  
  76  5:31  Barracks x2  
  77  5:37  SCV  
  77  5:40  Engineering Bay x2  
  78  5:47  Supply Depot  
  78  5:52  SCV  
  78  5:53  Orbital Command, SCV  
  78  5:57  Siege Tank  
  83  6:06  Marine  
  83  6:07  Stimpack  
  83  6:08  Viking x2  
  88  6:13  Terran Infantry Weapons Level 1  
  88  6:17  Supply Depot  
  88  6:18  Terran Infantry Armor Level 1  
  84  6:23  Barracks Reactor  
  84  6:24  Barracks Reactor  
  84  6:31  SCV x2  
  87  6:32  SCV  
  87  6:35  Barracks  
  87  6:36  Barracks, Marine  
  88  6:40  Siege Tank  
  88  6:45  Supply Depot, SCV x2  
  93  6:47  SCV  
  93  6:50  Viking  
  96  6:55  Viking  
  96  6:59  SCV  
  96  7:00  SCV  
  96  7:01  Supply Depot  
  100  7:05  Marine  
  100  7:06  Marine x3  
  104  7:12  SCV  
  104  7:13  SCV  
  104  7:15  Siege Tank  
  108  7:22  Medivac  
  109  7:25  Medivac  
  109  7:27  SCV  
  113  7:30  Marine x4  
  113  7:31  Barracks Reactor x2  
  113  7:32  Marine  
  113  7:35  SCV  
  118  7:38  Missile Turret  
  118  7:39  SCV  
  118  7:42  Orbital Command  
  119  7:47  SCV, Siege Tank  
  119  7:48  Marine x2  
  119  7:51  Marine  
  125  7:59  Marine  
  125  8:04  Marine  
  125  8:08  Armory  
  125  8:09  Supply Depot x2  
  125  8:11  Supply Depot, Marine x3, SCV  
  129  8:14  SCV x2  
  129  8:17  Marine x2  
  133  8:26  Refinery  
  133  8:28  Refinery  
  133  8:30  Marine x4  
  133  8:31  Sensor Tower, Marine, Siege Tank, SCV x3  
  144  8:35  Combat Shield  
  144  8:36  Marine x2  
  146  8:43  SCV x3  
  146  8:44  Marine x2  
  146  8:48  Medivac, Marine  
  153  8:49  Medivac  
  153  8:52  Marine  
  157  8:59  Marine x2  
  157  9:00  Marine x2, SCV  
  157  9:01  Marine  
  155  9:04  Marine  
  155  9:05  Marine  
  157  9:13  Marine x2  
  157  9:14  Supply Depot  
  159  9:17  Marine  
  159  9:18  Marine x2  
  159  9:19  Marine x2  
  159  9:22  Marine  
  165  9:31  Marine x3  
  165  9:36  Siege Tank  
  165  9:37  Marine x2  
  165  9:38  Marine  
  169  9:40  Medivac x2  
  169  9:44  Marine  
  169  9:45  Marine  
  173  9:49  Marine x2  
  173  9:50  Marine  
  173  9:51  Marine  
  172  9:55  Marine x2  
  172  9:59  Marine  
  173  10:02  Marine x2  
  173  10:06  Supply Depot x2, Command Center  
  170  10:07  Marine  
Show
View Real Time Build Order
Export as new Build Order

soul Terran 

Build Orders: Gas First Reaper Expand 

Get SALT Encoding   

  12  0:00  SCV  
  13  0:12  SCV  
  14  0:17  Supply Depot  
  14  0:24  SCV  
  14  0:28  Refinery  
  15  0:38  SCV  
  16  0:44  Barracks  
  16  0:51  SCV  
  17  1:03  SCV  
  18  1:15  SCV  
  19  1:31  Reaper  
  19  1:32  Orbital Command  
  20  1:43  Command Center  
  20  1:55  Factory  
  20  1:58  SCV  
  21  2:04  Supply Depot  
  21  2:06  Barracks Reactor  
  21  2:10  SCV  
  21  2:14  Refinery  
  22  2:22  SCV  
  23  2:34  SCV  
  24  2:38  Hellion  
  24  2:41  Starport  
  24  2:43  Marine x2  
  28  2:46  SCV  
  29  2:58  SCV  
  29  3:00  Factory Tech Lab  
  29  3:01  Marine x2  
  32  3:10  SCV  
  33  3:16  Orbital Command  
  33  3:19  Marine x2  
  35  3:22  Siege Tank  
  38  3:29  Viking  
  38  3:32  SCV  
  42  3:41  Supply Depot, SCV  
  42  3:42  Marine  
  42  3:44  SCV  
  44  3:51  Supply Depot  
  44  3:53  SCV  
  45  3:56  SCV  
  46  4:06  Factory Tech Lab  
  46  4:08  Barracks, Starport Reactor  
  46  4:09  Barracks, SCV  
  47  4:12  Stimpack  
  47  4:13  Marine  
  48  4:19  SCV  
  48  4:20  Supply Depot  
  48  4:22  SCV  
  49  4:29  Siege Tank  
  49  4:30  Marine  
  49  4:31  SCV  
  53  4:34  SCV  
  53  4:43  SCV  
  54  4:46  Engineering Bay  
  54  4:47  Engineering Bay  
  54  4:48  Marine, SCV  
  56  4:53  Starport Reactor  
  56  4:55  SCV  
  55  5:00  SCV  
  55  5:02  Marine  
  55  5:03  Supply Depot, Marine  
  55  5:06  Marine  
  55  5:07  Refinery  
  59  5:09  SCV  
  59  5:12  SCV  
  59  5:14  Terran Infantry Armor Level 1, Terran Infantry Weapons Level 1  
  61  5:15  Marine  
  61  5:20  Supply Depot, Marine  
  63  5:22  Marine  
  65  5:34  Command Center  
  64  5:36  SCV x2  
  64  5:41  Marine x4  
  70  5:45  Supply Depot  
  70  5:48  SCV  
  72  5:50  SCV  
  72  5:54  Combat Shield  
  73  5:59  Marine x3  
  73  6:00  Medivac x2  
  73  6:03  Marine  
  81  6:04  SCV  
  81  6:05  Marine  
  81  6:08  Supply Depot  
  81  6:09  Refinery  
  82  6:12  Siege Tank  
  82  6:16  Marine  
  82  6:18  SCV  
  85  6:19  SCV  
  85  6:20  Marine  
  85  6:21  Marine  
  85  6:25  Marine  
  89  6:28  Supply Depot  
  89  6:30  SCV  
  89  6:32  SCV  
  91  6:34  Medivac  
  91  6:36  Medivac  
  91  6:37  Supply Depot  
  95  6:42  SCV  
  95  6:43  Armory, Marine x3  
  95  6:44  SCV  
  100  6:47  Marine  
  101  6:54  SCV  
  101  6:56  SCV  
  101  6:57  Barracks  
  101  7:00  Marine x2  
  101  7:01  Barracks  
  105  7:02  Marine  
  106  7:08  Marine x2  
  106  7:10  SCV  
  106  7:14  Siege Tank  
  112  7:16  Orbital Command  
  112  7:17  Marine  
  112  7:18  Marine  
  112  7:19  SCV  
  112  7:20  Marine  
  116  7:26  Marine x2  
  118  7:30  SCV  
  118  7:31  SCV  
  118  7:34  Terran Infantry Weapons Level 2  
  118  7:35  Marine  
  118  7:36  Marine  
  122  7:38  Terran Infantry Armor Level 2  
  122  7:42  SCV, Terran Vehicle Weapons Level 1  
  122  7:43  SCV x2  
  125  7:46  Barracks Reactor  
  125  7:48  Barracks Reactor  
  125  7:49  Marine  
  126  7:54  SCV  
  126  7:55  SCV x2  
  126  7:56  Supply Depot x2  
  128  8:00  Marine x4  
  132  8:06  SCV  
  133  8:17  Medivac x2, Marine, Siege Tank, SCV  
  133  8:18  Marine x4  
  147  8:20  Supply Depot  
  147  8:21  Supply Depot  
  147  8:24  Refinery x2  
  147  8:25  Marine x2  
  147  8:26  Supply Depot, Marine  
  149  8:30  Marine  
  149  8:39  Sensor Tower, Factory  
  149  8:41  Marine x5  
  149  8:42  SCV  
  149  8:43  Supply Depot  
  149  8:44  Supply Depot  
  155  8:51  Marine x4  
  155  8:52  SCV  
  160  8:59  Marine x5  
  132  9:09  Marine x4  
  120  9:16  Siege Tank  
  120  9:17  Marine x3  
  122  9:20  Marine x2  
  127  9:26  Command Center, Marine x3, Factory Tech Lab  
  127  9:30  Marine  
  130  9:34  Marine x3  
  130  9:37  Marine  
  130  9:38  Marine  
  126  9:44  Marine x3  
  121  9:48  Marine, Siege Tank  
  121  9:52  Marine x3  
  116  9:55  Marine x2  
  113  10:00  Medivac  
  113  10:02  Marine x3  
  113  10:06  Marine  
  111  10:10  Marine x2  
  111  10:12  Marine  
Tags
 
Add a new tag
Caveats
  • Supply blocks, unpowered buildings, or Contaminate may cause inaccurate times.
  • Supply counts are checked every 10 seconds.